 Dungeon Crawl Stone Soup version 0.31-a0-1611-g890cdf5628 (webtiles) character file.

Game seed: 7553652459573595489

449906 dialectric the Slayer (level 22, -6/225 (226) HPs)
             Began as a Minotaur Fighter on Jan 6, 2024.
             Was a High Priest of Jiyva.
             Mangled by an ettin
             ... wielding a +0 dire flail
              (22 damage)
             ... on level 5 of the Vaults on Jan 8, 2024.
             The game lasted 01:57:49 (48822 turns).

dialectric the Slayer (Minotaur Fighter)           Turns: 48822, Time: 01:57:50

HP:   -6/225 (226)  AC: 36    Str: 32    XL:     22   Next: 69%
MP:   21/21         EV: 17    Int:  8    God:    Jiyva [*****.]
Gold: 4741          SH: 15    Dex: 19    Spells: 21/21 levels left

rFire   + . .        W - +4 demon whip (drain)
rCold   + + .        N - +2 buckler {reflect}
rNeg    . . .        o - +0 gold dragon scales
rPois   +            (helmet unavailable)
rElec   .            O - +2 cloak
rCorr   +            L - +2 pair of gloves
SInv    +            d - +2 pair of boots
Will    +....        A - amulet "Bobys" {Reflect Dex+3 SH+5 SInv} Stlth
                     t - ring of poison resistance
HPRegen 2.01/turn    D - ring of Oveikeid {Wiz Str+5}
MPRegen 0.89/turn

%: reflection, resist mutation, wizardry (x1)
@: marked, lightly drained
A: horns 3, retaliatory headbutt, talons 2, agile 1, clever 1, cold resistance
1, deterioration 1, mutation resistance 3, wild magic 3, translucent skin 2,
inability to read after injury 1, engulf
}: 3/15 runes: decaying, slimy, gossamer
a: Renounce Religion, Oozemancy, Slimify


You were on level 5 of the Vaults.
You worshipped Jiyva.
Jiyva was extremely pleased with you.
You visited 10 branches of the dungeon, and saw 48 of its levels.
You also visited: Ice Cave.

You collected 5985 gold pieces.
You spent 1244 gold pieces at shops.

Inventory:

Hand Weapons
 e - a +4 lajatang of speed
 z - a +1 great mace of draining
 W - a +4 demon whip of draining (weapon)
 X - a +4 sacred scourge of holy wrath
Missiles
 J - 3 throwing nets
 Q - 16 curare-tipped darts (quivered)
Armour
 d - a +2 pair of boots (worn)
 m - the quicksilver dragon scales of Generosity {rPois Will+ Str+2 Stlth-}
   (You bought it in a shop on level 10 of the Dungeon)

   Str+2:     It affects your strength (+2).
   rPois:     It protects you from poison Will+: It increases your willpower.
   Stlth-:    It makes you less stealthy.
 n - a +0 crystal plate armour
 o - +0 gold dragon scales (worn)
 q - a +2 hat of see invisible
 L - a +2 pair of gloves (worn)
 N - a +2 buckler of reflection (worn)
 O - a +2 cloak (worn)
 P - a +0 buckler of positive energy
 V - the +5 robe of Night {Dark Will+ SInv}
   (You found it on level 5 of the Lair of Beasts)

   Dark:      It shrouds the wearer in darkness, reducing the range at which
   they can see and be seen by others.
   Will+:     It increases your willpower.
   SInv:      It lets you see invisible.
 Z - +0 ice dragon scales
Jewellery
 k - the amulet "Iriesh" {Spirit rPois rF+ Dex+3}
   (You found it on level 5 of the Pits of Slime)

   [amulet of guardian spirit]

   Spirit:    It causes incoming damage to be divided between your reserves of
   health and magic.
   Dex+3:     It affects your dexterity (+3).
   rF+:       It protects you from fire.
   rPois:     It protects you from poison
 t - a ring of poison resistance (left hand)
 A - the amulet "Bobys" (around neck) {Reflect Dex+3 SH+5 SInv}
   (You acquired it on level 1 of the Elven Halls)

   [amulet of reflection]

   Reflect:   It reflects blocked missile attacks.
   Dex+3:     It affects your dexterity (+3).
   SInv:      It lets you see invisible.
   SH+5:      It affects your SH (+5).
 D - the ring of Oveikeid (right hand) {Wiz Str+5}
   (You found it on level 7 of the Dungeon)

   [ring of wizardry]

   Wiz:       It improves your spell success rate.
   Str+5:     It affects your strength (+5).
Talismans
 a - a maw talisman
Wands
 l - a wand of roots (28)
 E - a wand of charming (54)
 G - a wand of light (20)
Scrolls
 c - 3 scrolls of poison
 g - 7 scrolls of revelation
 h - 2 scrolls of blinking
 p - a scroll of brand weapon
 u - 5 scrolls of enchant armour
 x - 11 scrolls of fog
 y - 2 scrolls of summoning
 C - 7 scrolls of vulnerability
 I - a scroll of identify
 M - 5 scrolls of teleportation
 R - 2 scrolls of fear
Potions
 b - 3 potions of enlightenment
 f - 3 potions of attraction
 i - a potion of brilliance {unknown}
 j - 5 potions of curing
 r - 3 potions of magic
 s - a potion of might
 v - 2 potions of heal wounds
 w - 6 potions of mutation
 B - a potion of berserk rage
 F - a potion of resistance
 H - 6 potions of ambrosia
 K - 5 potions of haste
 S - 3 potions of invisibility
 U - a potion of lignification
Miscellaneous
 T - a phial of floods
 Y - a sack of spiders


   Skills:
 + Level 25.1 Fighting
 + Level 23.5(25.0) Maces & Flails
 - Level 15.4(21.2) Staves
 + Level 23.2 Armour
 + Level 18.4 Dodging
 + Level 14.0 Shields


You had 21 spell levels left.
You didn't know any spells.
Your spell library contained the following spells:

 Spells                   Type           Power      Damage    Failure   Level
 Apportation              Tloc           0%         N/A       87%         1
 Kiss of Death            Conj/Necr      0%         2d5       87%         1
 Necrotise                Necr           0%         1d4       87%         1
 Slow                     Hex            0%         N/A       87%         1
 Sting                    Conj/Alch      0%         1d3       87%         1
 Summon Small Mammal      Summ           0%         N/A       87%         1
 Mercury Vapours          Alch/Air       0%         N/A       95%         2
 Static Discharge         Conj/Air       0%         3-3/arc   95%         2
 Call Canine Familiar     Summ           0%         N/A       99%         3
 Confusing Touch          Hex            0%         N/A       99%         3
 Dazzling Flash           Conj/Hex       0%         N/A       99%         3
 Mephitic Cloud           Conj/Alch/Air  0%         N/A       99%         3
 Sigil of Binding         Hex            0%         N/A       99%         3
 Tukima's Dance           Hex            0%         N/A       99%         3
 Vampiric Draining        Necr           0%         2d6       99%         3
 Airstrike                Air            0%         2d(0-16)  100%        4
 Animate Dead             Necr           0%         N/A       100%        4
 Dimensional Bullseye     Hex/Tloc       0%         N/A       100%        4
 Dispel Undead            Necr           0%         3d6       100%        4
 Iskenderun's Mystic Bla  Conj/Tloc      0%         2d3       100%        4
 Martyr's Knell           Necr/Summ      0%         N/A       100%        4
 Olgreb's Toxic Radiance  Alch           0%         N/A       100%        4
 Passage of Golubria      Tloc           0%         N/A       100%        4
 Summon Blazeheart Golem  Fire/Summ      0%         N/A       100%        4
 Summon Lightning Spire   Summ/Air       0%         N/A       100%        4
 Borgnjor's Vile Clutch   Necr/Erth      0%         N/A       100%        5
 Curse of Agony           Necr           0%         N/A       100%        5
 Silence                  Hex/Air        0%         N/A       100%        5
 Death Channel            Necr           0%         N/A       100%        6
 Plasma Beam              Fire/Air       0%         2x1d10    100%        6
 Haunt                    Necr/Summ      0%         N/A       100%        7
 Infestation              Necr           0%         N/A       100%        8
 Lehudib's Crystal Spear  Conj/Erth      0%         10d2      100%        8
 Summon Horrible Things   Summ           0%         N/A       100%        8
 Chain Lightning          Conj/Air       0%         N/A       100%        9


Dungeon Overview and Level Annotations

Branches:
Dungeon (15/15)            Temple (0/1) D:6            Lair (5/5) D:9
  Swamp (4/4) Lair:3       Spider (4/4) Lair:2        Slime (5/5) Lair:5
    Orc (2/2) D:10            Elf (3/3) Orc:2        Vaults (5/5) D:13
  Crypt (0/3) Vaults:2     Depths (4/4) D:15           Hell (visited)
    Zot (0/5) Depths:4      IceCv (visited)
    Dis: Hell:1         Geh: Hell:1         Coc: Hell:1         Tar: Hell:1

Altars:
Cheibriados
Dithmenos
Elyvilon
Fedhas
Kikubaaqudgha
Okawaru
Qazlal
Uskayaw
Vehumet
Wu Jian
Xom
Yredelemnul
Zin
The Shining One
Jiyva

Shops:
D:2 [   D:3 !   D:5 **   D:10 [   Orc:2 [((:[   Elf:1 :   Elf:2 [   Vaults:2 :
Vaults:3 =[*   Vaults:4 ((:   Depths:1 :   Depths:2 *!   Depths:4 :=:

Portals:
Hell: Depths:1 Depths:2 Depths:3 Depths:4
Abyss: Vaults:2 Depths:3
Pandemonium: Depths:2
Ziggurat: Depths:1
Trove: Vaults:3 (give +4 ice dragon scales)

Annotations:
D:6 2 transporters
Lair:1 exclusion: oklob plant
Spider:1 2 transporters, zenocrate's ghost, adept VSEn
Slime:5 Royal Jelly
Orc:1 2 transporters, wildpjah's ghost, journeyman MfGl
Vaults:2 2 transporters
Depths:1 3 runed translucent doors, Ciogh's ghost, veteran GnWn; Jigeme's ghost, veteran DEHs; Qowilec's ghost, adept VSFi
Hell Geryon


Innate Abilities, Weirdness & Mutations

You have a pair of large horns on your head.
You reflexively headbutt those who attack you in melee.
You have razor-sharp toenails.
You are agile. (Dex +4, Str/Int -1)
Your mind is acute. (Int +4, Str/Dex -1)
Your flesh is cold resistant. (rC+)
Your body sometimes deteriorates upon taking damage.
You are almost entirely resistant to further mutation and mutation removal.
Your spells are much harder to cast, but much more powerful.
Your translucent skin reduces your foes' accuracy. (Stealth+)
You occasionally lose the ability to read scrolls when taking damage.
Your melee attacks may engulf your foes in ooze.


Message History

You kill the stone giant!
You thrash the ettin!! You headbutt the ettin!
The ettin is severely wounded.
You whack the ettin!
The ettin is almost dead.
You block the ettin's attack.
The ettin hits you with a +0 dire flail!
* * * LOW HITPOINT WARNING * * *
You barely miss the ettin.
The ettin is almost dead.
Jiyva gurgles merrily.
You whack the ettin! You drain the ettin.
You kill the ettin!
You feel your dexterity returning.
You hit the titan but do no damage. You headbutt the titan.
The titan is lightly wounded.
You thrash the titan!! You drain the titan.
The titan is heavily wounded.
The ettin misses you. You furiously retaliate!
You headbutt the ettin! The ettin hits you but does no damage.
You block the titan's attack.
Unknown command.
You thrash the titan!! You headbutt the titan.
The titan is severely wounded.
You thrash the titan!!
The titan is almost dead.
The ettin hits you with a +0 dire flail!!
* * * LOW HITPOINT WARNING * * *
You block the ettin's attack. The titan hits you!
* * * LOW HITPOINT WARNING * * *
An ettin comes into view. It is wielding two +0 dire flails.
You hit the titan. You headbutt the titan.
The titan is almost dead.
Unknown command.
You block the titan's attack.
You punish the titan, causing immense pain!!!
You kill the titan!
The ettin hits you with a +0 dire flail!!
* * * LOW HITPOINT WARNING * * *
The ettin hits you with a +3 dire flail!!
You die...

#####........###################
...........C.##..##..##..##..##
####.#....#..##..##..##..##..##
#.#....###C.##..##..##..##..
#.#....###..##..##..##..##..
#.#....#..##B.##..##..##..## ##
#....#..##C.##..##..##..## /#
#....###)C##..##..##..##.. .#
###)@##..##.C##..##.. c#
#.(##..##..##..##..## )#
#.)##..##..##..##..## )#
###).##..##..##..##.. |#
#.#....###..##..##..##..##C. :#
#.#....#..##..##..##..##..## C#
#.#....#..##..##..##..##..# C#
#.#....###..##..##..##..##.. ##
#.#....###..##..##.. #..# ..


You could see an entropy weaver and 2 ettins.

Vanquished Creatures
  An ancient lich (Vaults:5)
  Frederick (Vaults:4)
  Mara (Vaults:3)
  Sojobo (Depths:3)
  2 golden dragons
  Saint Roka (Vaults:1)
  4 caustic shrikes
  Nikola (Spider:1)
  A bone dragon (Swamp:4)
  The ghost of Yhagabbo the Devastator, an adept DrCj of Sif Muna (Vaults:2)
  Arachne (Spider:3)
  Zenata (Vaults:1)
  2 walking crystal tomes (Depths:3)
  Mlioglotl (Spider:1)
  6 tentacled monstrosities
  2 deep elf blademasters
  4 liches
  4 titans
  A quicksilver dragon (Vaults:5)
  Asterion (Spider:3)
  A walking frostbound tome (Depths:3)
  4 sphinxes
  Agnes (D:14)
  An ancient champion (Vaults:4)
  A deep elf master archer (Elf:3)
  Frances (Elf:1)
  4 storm dragons
  Roxanne (Swamp:1)
  6 tengu reavers
  2 thorn hunters (Swamp:4)
  6 shadow dragons
  A fenstrider witch (Swamp:1)
  4 fire giants
  A draconian knight (Vaults:4)
  7 frost giants
  Louise (Elf:1)
  6 vault wardens
  5 emperor scorpions
  A balrug (Depths:1)
  An iron dragon (Depths:4)
  2 ghost moths (Spider:4)
  A draconian scorcher (Depths:4)
  A draconian annihilator (Depths:3)
  2 deep elf elementalists
  2 cacodemons (Vaults:2)
  2 angels (Vaults:1)
  13 ironbound preservers
  2 orc warlords
  A reaper (Depths:2)
  4 spriggan defenders
  16 very ugly things
  8 broodmothers
  5 ironbound thunderhulks
  3 eleionomae
  Nessos (Orc:2)
  13 stone giants
  A vampire knight (Vaults:4)
  2 deep elf demonologists
  A black draconian (Depths:3)
  2 deep elf death magi (Elf:3)
  A white draconian (Depths:4)
  4 deep elf annihilators
  A yellow draconian (Depths:4)
  A bunyip (Swamp:3)
  13 dire elephants
  A red draconian (Depths:4)
  A war gargoyle (Vaults:5)
  9 spark wasps
  10 ettins
  A crystal guardian (Vaults:2)
  2 shambling mangroves
  8 fire dragons
  8 entropy weavers
  Josephine (Lair:3)
  5 ice dragons
  30 vault guards
  A peacekeeper (Vaults:4)
  8 yaktaur captains
  Harold (D:10)
  3 caustic shrike simulacra (IceCv)
  10 hydras
  An ogre mage (Vaults:4)
  7 centaur warriors
  A rakshasa (Depths:3)
  9 ironbound frosthearts
  3 spriggan air magi
  7 boulder beetles
  A sphinx zombie (Depths:3)
  7 radroaches
  2 jorogumos (Spider:4)
  7 alligators
  A catoblepas (Lair:5)
  A death knight (D:15)
  2 ghost crabs
  20 dancing weapons
  6 deep troll shamans
  5 two-headed ogres
  A two-headed ogre (shapeshifter) (Vaults:4)
  8 demonic crawlers
  6 death yaks
  A vampire mage (Depths:2)
  2 occultists
  Urug (Orc:2)
  3 orc high priests
  8 tengu warriors
  5 deep troll earth magi
  5 hell knights
  2 spriggan berserkers
  4 sun demons
  Sonja (Orc:1)
  2 skysharks
  3 soul eaters
  A spectral anaconda (Lair:5)
  9 deep elf knights
  8 goliath frogs
  2 skeletal warriors
  3 pharaoh ants (Spider:4)
  4 iron trolls
  11 arcanists
  3 swamp dragons
  2 shadow dragon zombies (Depths:3)
  6 orb spiders
  A shadow wraith (Vaults:4)
  5 spriggan druids
  A death drake (Swamp:4)
  3 deep elf archers
  2 flayed ghosts
  A spriggan simulacrum (IceCv)
  A spectral alligator (Swamp:4)
  9 bog bodies
  2 alligator zombies (Swamp:4)
  15 ironbound convokers
  A sun moth (Spider:2)
  6 spectral hydras (Swamp:4)
  6 phantasmal warriors
  49 deep trolls
  20 deep elf pyromancers
  An obsidian statue (Lair:5)
  3 lindwurms (Vaults:1)
  7 necromancers
  2 steelbarb worms
  15 orc knights
  11 deep elf zephyrmancers
  4 orc sorcerers
  26 wolf spiders
  A worldbinder (Vaults:2)
  7 cyclopes
  28 ugly things
  4 manticores
  3 will-o-the-wisps
  3 moths of wrath
  4 meliai
  21 vault sentinels
  14 elephants
  5 kobold blastminers (Orc:2)
  2 dire elephant zombies (Lair:5)
  5 smoke demons
  2 orange demons
  Joseph (D:10)
  2 rust devils
  7 torpor snails
  5 black mambas
  20 cane toads
  A gargoyle (D:14)
  2 rime drakes
  16 freezing wraiths
  2 kobold demonologists (D:11)
  An unseen horror (D:12)
  6 anaconda simulacra (IceCv)
  9 komodo dragons
  A golden dragon simulacrum (IceCv)
  8 yaktaurs
  A tormentor (Depths:2)
  Psyche (D:11)
  4 swamp worm zombies (Swamp:4)
  2 tengu conjurers
  5 hydra zombies (Swamp:4)
  4 trolls
  A slime creature (Vaults:4)
  Prince Ribbit (D:7)
  5 tyrant leeches
  25 hornets
  3 alligator simulacra (IceCv)
  32 tarantellas
  A raiju (Orc:1)
  13 dream sheep (Lair:4)
  15 blink frogs
  A spectral elephant (Lair:5)
  16 jumping spiders
  An air elemental (Elf:1)
  8 wraiths
  17 culicivoras
  2 dire elephant simulacra (IceCv)
  23 spriggans
  2 water elementals
  A fire bat (Orc:1)
  A vampire (D:11)
  2 wyverns
  59 yaks
  3 tyrant leech zombies (Swamp:4)
  6 wargs
  2 fire elementals
  6 basilisks
  A death yak simulacrum (Lair:5)
  2 steam dragons (D:9)
  50 redbacks
  16 vampire mosquitoes
  Menkaure (D:7)
  13 swamp worms
  2 harpy simulacra (IceCv)
  3 spectral cane toads (Lair:5)
  Edmund (D:5)
  4 minotaur simulacra (IceCv)
  An acid dragon (D:8)
  A hell hound (Orc:1)
  A hydra simulacrum (IceCv)
  18 water moccasins
  A glowing shapeshifter skeleton (Depths:3)
  2 sky beasts
  44 orc warriors
  A black bear (D:4)
  4 swamp drakes
  An elephant zombie (Lair:5)
  12 ogres
  2 swamp dragon zombies (Swamp:4)
  2 ice beasts
  A boggart (shapeshifter) (D:13)
  2 laughing skulls (D:15)
  3 ettin simulacra (IceCv)
  20 wolves
  13 centaurs
  2 elephant skeletons (Lair:5)
  5 phantoms
  3 kobold brigands
  19 bullfrogs
  2 gnoll sergeants
  5 scorpions
  A deep troll simulacrum (IceCv)
  A cane toad simulacrum (Lair:5)
  6 wights
  5 lindwurm simulacra (IceCv)
  2 killer bees (D:9)
  3 howler monkeys
  5 jellies
  A quasit (D:11)
  16 orc priests
  Crazy Yiuf (D:3)
  3 starcursed masses (Vaults:1)
  A gnoll bouda (D:6)
  4 hounds
  Jessica (D:2)
  Terence (D:3)
  2 hell rats
  A sleepcap (D:5)
  An iguana (D:6)
  10 orc wizards
  Robin (D:3)
  8 adders
  21 gnolls
  4 river rats (D:9)
  A shadow imp (D:5)
  3 white imps
  4 ufetubi
  A dart slug (D:3)
  4 ribbon worms
  55 orcs
  7 ball pythons
  3 bats
  9 endoplasms
  3 giant cockroaches
  10 goblins
  12 hobgoblins
  2 jackals (D:4)
  A quokka (D:1)
  5 frilled lizards
  5 kobolds
  3 rats
1593 creatures vanquished.

Vanquished Creatures (collateral kills)
  A deep elf annihilator (Elf:3)
  A deep troll (Vaults:1)
  2 ugly things (Depths:1)
  A wolf spider (Spider:4)
5 creatures vanquished.

Vanquished Creatures (others)
  4 acid blobs
  A sphinx (Vaults:2)
  A storm dragon (Vaults:5)
  2 azure jellies (Depths:4)
  A green draconian (Depths:4)
  A deep elf death mage (Elf:3)
  A deep elf annihilator (Elf:3)
  A purple draconian (Depths:4)
  An ettin (Depths:2)
  A fire dragon (Depths:4)
  3 great orbs of eyes
  A yaktaur captain (Vaults:3)
  A vault guard (Vaults:2)
  A jorogumo (Spider:1)
  A deep troll earth mage (Depths:2)
  A demonic crawler (Spider:1)
  2 glowing orange brains (Vaults:2)
  A sea snake (shapeshifter) (Vaults:5)
  An arcanist (Vaults:4)
  2 deep trolls (Depths:2)
  A steelbarb worm (Spider:1)
  A starcursed mass (Vaults:2)
  4 ugly things
  2 fauns (shapeshifter) (Vaults:5)
  A wolf spider (Spider:1)
  A deep elf zephyrmancer (Elf:3)
  A deep elf pyromancer (Elf:1)
  2 cyclopes (D:12)
  A moth of wrath (Spider:1)
  2 vault sentinels
  3 yaktaurs (Vaults:3)
  5 bloated husks (Swamp:4)
  A hornet (shapeshifter) (Vaults:2)
  A tyrant leech (Swamp:3)
  A snapping turtle (shapeshifter) (Vaults:5)
  A glass eye (shapeshifter) (Depths:4)
  22 slime creatures
  A wraith (D:12)
  A fire elemental (Elf:3)
  A vampire mosquito (D:12)
  A swamp worm (Swamp:4)
  A swamp drake (Vaults:1)
  An orc warrior (Vaults:5)
  2 ogres (Vaults:5)
  183 jellies
  2 orc priests (D:12)
  An iguana (shapeshifter) (Depths:3)
  6 orcs
  8 foxfires
  A lurking horror (Vaults:2)
287 creatures vanquished.

Grand Total: 1885 creatures vanquished

Notes
Turn   | Place    | Note
-------+----------+-------------------------------------------
     0 | D:1      | dialectric the Minotaur Fighter began the quest for the
                  | Orb.
     0 | D:1      | Reached XP level 1. HP: 19/19 MP: 0/0
   104 | D:1      | Found a faded altar of an unknown god.
   154 | D:1      | Reached XP level 2. HP: 16/27 MP: 1/1
   303 | D:1      | Reached skill level 4 in Fighting
   642 | D:2      | Reached XP level 3. HP: 33/33 MP: 2/2
   658 | D:2      | Reached skill level 1 in Dodging
   681 | D:2      | Reached XP level 4. HP: 40/41 MP: 3/3
   752 | D:2      | Noticed Jessica
   758 | D:2      | Killed Jessica
   859 | D:2      | Found Muuto's Antique Armour Emporium.
  1076 | D:3      | Found Happouze's Distillery.
  1085 | D:3      | Bought a potion of curing for 30 gold pieces
  1085 | D:3      | Bought a potion of heal wounds for 50 gold pieces
  1092 | D:3      | Noticed Terence
  1125 | D:3      | Killed Terence
  1126 | D:3      | Reached XP level 5. HP: 15/47 MP: 4/4
  1318 | D:3      | Found a runed translucent door.
  1319 | D:3      | Noticed Crazy Yiuf
  1327 | D:3      | Killed Crazy Yiuf
  1599 | D:3      | Noticed Robin
  1610 | D:3      | Killed Robin
  1611 | D:3      | Reached skill level 5 in Armour
  1968 | D:4      | Reached skill level 5 in Fighting
  2043 | D:4      | Reached XP level 6. HP: 56/56 MP: 5/5
  2221 | D:4      | Found a snail-covered altar of Cheibriados.
  2498 | D:5      | Entered Level 5 of the Dungeon
  2567 | D:5      | Reached XP level 7. HP: 62/62 MP: 6/6
  2573 | D:5      | Found Zaitzu's General Store.
  2578 | D:5      | Found Uruleafi's Specific Store.
  2598 | D:5      | Reached skill level 5 in Maces & Flails
  2631 | D:5      | Noticed Edmund
  2650 | D:5      | Reached skill level 6 in Fighting
  2653 | D:5      | Killed Edmund
  3023 | D:5      | Reached XP level 8. HP: 71/71 MP: 7/7
  3400 | D:6      | Found a staircase to the Ecumenical Temple.
  3571 | D:5      | Reached skill level 5 in Dodging
  3575 | D:5      | Reached skill level 7 in Fighting
  3711 | D:6      | Identified the +6 sling "Haul" {drain, +Blink rPois rN++
                  | Str-5 Stlth+}
  4177 | D:6      | Found a transporter.
  4237 | D:6      | Found a transporter.
  4319 | D:7      | Noticed Prince Ribbit
  4336 | D:6      | Reached XP level 9. HP: 61/81 MP: 8/8
  4336 | D:6      | Upgraded the game from 0.31-a0-1589-g8f5e8aebd6 to
                  | 0.31-a0-1591-g515db51633
  4435 | D:7      | Reached skill level 8 in Fighting
  4440 | D:7      | Found a blossoming altar of Fedhas.
  4446 | D:7      | Found a basalt altar of Yredelemnul.
  4772 | D:7      | Killed Prince Ribbit
  4773 | D:7      | Reached skill level 1 in Staves
  4787 | D:7      | Noticed Menkaure
  4796 | D:7      | Killed Menkaure
  5084 | D:7      | Identified the ring of Oveikeid {Wiz Str+5}
  5180 | D:7      | Reached skill level 9 in Fighting
  6155 | D:9      | Noticed a death yak
  6156 | D:9      | Found a staircase to the Lair.
  6156 | D:9      | Noticed a death yak
  6156 | D:9      | Noticed a death yak
  6271 | D:9      | Reached XP level 10. HP: 88/91 MP: 9/9
  6574 | D:10     | Entered Level 10 of the Dungeon
  6574 | D:10     | Noticed Harold
  6576 | D:10     | Reached skill level 10 in Armour
  6611 | Lair:1   | Entered Level 1 of the Lair of Beasts
  6625 | Lair:1   | Reached skill level 10 in Fighting
  6625 | Lair:1   | Reached skill level 5 in Staves
  6675 | Lair:1   | Noticed a black mamba
  6679 | Lair:1   | Killed a black mamba
  6687 | Lair:1   | Reached skill level 11 in Fighting
  6981 | Lair:1   | Noticed an oklob plant
  7091 | Lair:1   | Reached XP level 11. HP: 59/102 MP: 10/10
  7858 | Lair:1   | Reached skill level 12 in Fighting
  8256 | Lair:1   | Got the Incunabulum of Unspeakable Liturgies
  9003 | Lair:2   | Noticed a skyshark
  9013 | Lair:2   | HP: 3/106 [skyshark (11)]
  9018 | Lair:2   | Killed a skyshark
  9019 | Lair:2   | Reached skill level 13 in Fighting
  9315 | Lair:2   | Noticed an orb spider
  9450 | Lair:2   | Found a hole to the Spider Nest.
  9617 | D:10     | Killed Harold
  9618 | D:10     | Reached skill level 10 in Staves
  9618 | D:10     | Reached XP level 12. HP: 103/115 MP: 11/11
  9683 | D:10     | Noticed Joseph
  9702 | D:10     | Killed Joseph
  9742 | D:10     | Found a shadowy altar of Dithmenos.
  9743 | D:10     | Found a white marble altar of Elyvilon.
  9744 | D:10     | Found a hide-covered altar of Uskayaw.
  9746 | D:10     | Found a radiant altar of Vehumet.
  9747 | D:10     | Found an iron altar of Okawaru.
  9757 | D:10     | Found a staircase to the Orcish Mines.
  9760 | D:10     | Found Ubovviuc's Armour Shoppe.
  9765 | D:10     | Noticed a two-headed ogre
  9773 | D:10     | Killed a two-headed ogre
 10211 | D:9      | Killed a death yak
 10546 | D:9      | Killed a death yak
 10821 | Orc:1    | Entered Level 1 of the Orcish Mines
 10838 | D:10     | Reached skill level 14 in Fighting
 11253 | Orc:1    | Noticed Sonja
 11259 | Orc:1    | Killed Sonja
 11268 | Orc:1    | Noticed an orc high priest
 11882 | D:11     | Noticed a two-headed ogre
 11891 | D:11     | Killed a two-headed ogre
 11909 | D:11     | Gained mutation: You do not regenerate when monsters are
                  | visible. [a neqoxec]
 11921 | D:10     | Lost mutation: You do not regenerate when monsters are
                  | visible. [potion of mutation]
 11921 | D:10     | Gained mutation: You possess an exceptional clarity of
                  | mind. [potion of mutation]
 11921 | D:10     | Gained mutation: You have large cloven feet. [potion of
                  | mutation]
 11921 | D:10     | Gained mutation: You are covered in fur. (AC +1) [potion of
                  | mutation]
 11952 | D:10     | Bought the quicksilver dragon scales of Generosity {rPois
                  | Will+ Str+2 Stlth-} for 962 gold pieces
 12380 | Lair:3   | Reached XP level 13. HP: 121/125 MP: 12/12
 12638 | Lair:3   | Reached skill level 15 in Fighting
 12763 | Lair:3   | Noticed Josephine
 12790 | Lair:3   | Reached skill level 15 in Armour
 12799 | Lair:3   | Killed Josephine
 13190 | Lair:3   | Found a staircase to the Swamp.
 14178 | Lair:4   | Reached skill level 16 in Fighting
 14636 | Lair:5   | Entered Level 5 of the Lair of Beasts
 15001 | Lair:5   | Reached XP level 14. HP: 90/138 MP: 13/13
 15626 | Lair:5   | Found a viscous altar of Jiyva.
 15627 | Lair:5   | Found a staircase to the Slime Pits.
 15649 | Lair:5   | Became a worshipper of Jiyva Junun the Shapeless
 15926 | Lair:5   | Found the +5 robe of Night {Dark Will+ SInv}
 16104 | Lair:5   | Reached skill level 17 in Fighting
 16355 | Lair:5   | Identified the +5 broad axe "Qoehyi" {drain, +Blink Str+5}
 16607 | Lair:5   | Reached skill level 15 in Staves
 18026 | Orc:1    | Found a transporter.
 18030 | Orc:1    | Noticed wildpjah's ghost (journeyman MfGl)
 18052 | Orc:1    | Reached * piety under Jiyva
 18053 | Orc:1    | Found a transporter.
 18137 | Orc:1    | Found a shimmering altar of Xom.
 18329 | Orc:2    | Entered Level 2 of the Orcish Mines
 18403 | Orc:2    | Reached ** piety under Jiyva
 18404 | Orc:2    | Found a staircase to the Elven Halls.
 18854 | Orc:2    | Reached skill level 18 in Fighting
 18946 | Orc:2    | Found Ukiruam's Weapon Shop.
 18946 | Orc:2    | Found Luf Rid's Book Shoppe.
 18948 | Orc:2    | Found Michuu's Armour Emporium.
 18950 | Orc:2    | Found Qeaxeafa's Weapon Boutique.
 19014 | Orc:2    | Noticed Nessos
 19024 | Orc:2    | Noticed Urug
 19037 | Orc:2    | Killed Nessos
 19048 | Orc:2    | Killed Urug
 19112 | Orc:2    | Reached *** piety under Jiyva
 19142 | Orc:2    | Found Saaxihopp's Armour Shop.
 19143 | Orc:2    | Found a shimmering altar of Xom.
 19310 | D:11     | Gained mutation: Potions are less effective at restoring
                  | your health. [a neqoxec]
 19390 | D:11     | Noticed Psyche
 19394 | D:11     | Killed Psyche
 19522 | D:11     | Lost mutation: You possess an exceptional clarity of mind.
                  | [Jiyva's grace]
 19522 | D:11     | Gained mutation: You possess an exceptional clarity of
                  | mind. [Jiyva's grace]
 19522 | D:11     | Gained mutation: Your mind is acute. (Int +4, Str/Dex -1)
                  | [Jiyva's grace]
 19522 | D:11     | Gained mutation: Your mind is very acute. (Int +8, Str/Dex
                  | -2) [Jiyva's grace]
 19522 | D:11     | Gained mutation: Your spells are a little harder to cast,
                  | but a little more powerful. [Jiyva's grace]
 19880 | Elf:1    | Entered Level 1 of the Elven Halls
 20089 | D:12     | Reached **** piety under Jiyva
 20239 | D:12     | Reached XP level 15. HP: 147/150 MP: 14/14
 20579 | Swamp:1  | Entered Level 1 of the Swamp
 20633 | Lair:3   | Upgraded the game from 0.31-a0-1591-g515db51633 to
                  | 0.31-a0-1603-gbec6b6ccbf
 20638 | Swamp:1  | Noticed Roxanne
 20680 | Swamp:1  | HP: 1/150 [Roxanne/bolt of magma (30)]
 20681 | Swamp:1  | Killed Roxanne
 21062 | D:13     | Reached ***** piety under Jiyva
 21307 | D:13     | Lost mutation: Your mind is very acute. (Int +8, Str/Dex
                  | -2) [Jiyva's grace]
 21307 | D:13     | Lost mutation: Potions are less effective at restoring your
                  | health. [Jiyva's grace]
 21307 | D:13     | Gained mutation: You are agile. (Dex +4, Str/Int -1)
                  | [Jiyva's grace]
 21307 | D:13     | Gained mutation: You are very agile. (Dex +8, Str/Int -2)
                  | [Jiyva's grace]
 21307 | D:13     | Gained mutation: You are covered in slimy tendrils that may
                  | disarm your opponents. [Jiyva's grace]
 21307 | D:13     | Gained mutation: Your body has grown eyes which may confuse
                  | attackers. (Acc +3) [Jiyva's grace]
 21315 | D:13     | Reached skill level 19 in Fighting
 21411 | D:13     | Found a gate to the Vaults.
 21781 | D:14     | You fall into a shaft and drop 1 floor!
 21781 | D:15     | Entered Level 15 of the Dungeon
 21905 | D:15     | Reached skill level 10 in Maces & Flails
 21988 | D:15     | Found a staircase to the Depths.
 22337 | D:15     | Found a white marble altar of Elyvilon.
 22343 | D:15     | Got the Volume of Voltage and Convocation
 22411 | D:14     | Lost mutation: You are covered in fur. (AC +1) [Jiyva's
                  | grace]
 22411 | D:14     | Gained mutation: Armour fits poorly on your pseudopods.
                  | [Jiyva's grace]
 22411 | D:14     | Gained mutation: Armour fits poorly on your large
                  | pseudopods. [Jiyva's grace]
 22411 | D:14     | Gained mutation: Armour fits poorly on your massive
                  | pseudopods. [Jiyva's grace]
 22411 | D:14     | Gained mutation: Your flesh is cold resistant. (rC+)
                  | [Jiyva's grace]
 22453 | D:14     | Reached ****** piety under Jiyva
 22573 | D:14     | Noticed Agnes
 22580 | D:14     | Killed Agnes
 23268 | Slime:1  | Entered Level 1 of the Pits of Slime
 23294 | Slime:4  | Noticed an acid blob
 23303 | Slime:4  | Noticed an acid blob
 23306 | Slime:5  | Entered Level 5 of the Pits of Slime
 23324 | Slime:5  | Noticed an acid blob
 23331 | Slime:5  | Noticed an acid blob
 23331 | Slime:5  | Noticed the Royal Jelly
 23334 | Slime:5  | Found a viscous altar of Jiyva.
 23334 | Slime:5  | Noticed an acid blob
 23335 | Slime:5  | Noticed a rockslime
 23335 | Slime:5  | Noticed an acid blob
 23341 | Slime:5  | Identified the +4 flail "Cory" {heavy, Int+2}
 23343 | Slime:5  | Identified the +2 mace "Votuf" {heavy, rN++ Dex+3}
 23344 | Slime:5  | Noticed an acid blob
 23356 | Slime:5  | Noticed a rockslime
 23358 | Slime:5  | Noticed an acid blob
 23362 | Slime:5  | Identified the amulet "Iriesh" {Spirit rPois rF+ Dex+3}
 23364 | Slime:5  | Identified the ring of Temptation {Wiz rPois}
 23365 | Slime:5  | Got a starry gem with 505 turns to spare
 23367 | Slime:5  | Got a slimy rune of Zot
 23368 | Slime:5  | Identified the +5 glaive of Melee {flame, *Slow rN+++ MP+9
                  | Str-2}
 23369 | Slime:5  | Identified the staff of Conversion {rElec rN+ Will+ Dex-2
                  | Hexes Air}
 23370 | Slime:5  | Identified the staff of Dividends {rC+ Int+4 Conj}
 23376 | Slime:5  | Noticed an acid blob
 23377 | Slime:5  | Noticed an acid blob
 23381 | Slime:5  | Noticed an acid blob
 23389 | Slime:5  | Identified the amulet of Aclataus {Faith Fly Will- Regen+
                  | Str+3}
 23391 | Slime:5  | Identified the +3 broad axe "Globulus" {pain, *Rage rCorr
                  | Str+3}
 23415 | Slime:5  | Noticed an acid blob
 24130 | Vaults:1 | Entered Level 1 of the Vaults
 24150 | Vaults:1 | Noticed a vault warden
 24166 | Vaults:1 | Killed a vault warden
 24246 | Vaults:1 | Reached XP level 16. HP: 161/162 MP: 15/15
 24260 | Vaults:1 | Reached skill level 20 in Fighting
 24397 | Vaults:1 | Noticed Zenata
 24541 | Vaults:1 | HP: 6/162 [Zenata/a resonance strike (24)]
 24698 | Depths:1 | Entered Level 1 of the Depths
 25208 | Swamp:1  | Reached skill level 10 in Dodging
 25398 | Swamp:1  | Lost mutation: You are very agile. (Dex +8, Str/Int -2)
                  | [Jiyva's grace]
 25398 | Swamp:1  | Lost mutation: Your spells are a little harder to cast, but
                  | a little more powerful. [Jiyva's grace]
 25398 | Swamp:1  | Lost mutation: Your body has grown eyes which may confuse
                  | attackers. (Acc +3) [Jiyva's grace]
 25398 | Swamp:1  | Gained mutation: You have a pair of large horns on your
                  | head. [Jiyva's grace]
 25398 | Swamp:1  | Gained mutation: You are somewhat resistant to further
                  | mutation. [Jiyva's grace]
 25398 | Swamp:1  | Gained mutation: You are somewhat resistant to both further
                  | mutation and mutation removal. [Jiyva's grace]
 25398 | Swamp:1  | Gained mutation: You are almost entirely resistant to
                  | further mutation and mutation removal. [Jiyva's grace]
 26806 | Swamp:4  | Entered Level 4 of the Swamp
 26842 | Swamp:4  | Noticed a tentacled monstrosity
 26849 | Swamp:4  | Killed a tentacled monstrosity
 26850 | Swamp:4  | Reached skill level 5 in Shields
 26999 | Swamp:3  | Reached XP level 17. HP: 133/155 MP: 16/16
 27350 | Swamp:4  | Reached skill level 15 in Maces & Flails
 27822 | Swamp:4  | Reached skill level 21 in Fighting
 27883 | Swamp:4  | Noticed a bone dragon
 27903 | Swamp:4  | Killed a bone dragon
 27927 | Swamp:4  | Got a decaying rune of Zot
 28136 | Spider:1 | Entered Level 1 of the Spider Nest
 28237 | Spider:1 | Lost mutation: You have a pair of large horns on your head.
                  | [Jiyva's grace]
 28237 | Spider:1 | Gained mutation: Your movements are slightly less
                  | encumbered by armour. (ER -2) [Jiyva's grace]
 28237 | Spider:1 | Gained mutation: Your movements are less encumbered by
                  | armour. (ER -4) [Jiyva's grace]
 28237 | Spider:1 | Gained mutation: Your movements are significantly less
                  | encumbered by armour. (ER -6) [Jiyva's grace]
 28237 | Spider:1 | Gained mutation: You are robust. (+10% HP) [Jiyva's grace]
 28249 | Spider:1 | Noticed Nikola
 28261 | Spider:1 | Paralysed by a jorogumo for 1 turns
 28271 | Spider:1 | Killed Nikola
 28313 | Spider:1 | Found a transporter.
 28431 | Spider:1 | Noticed zenocrate's ghost (adept VSEn)
 28814 | Spider:1 | Found a transporter.
 28967 | Spider:1 | Noticed Mlioglotl
 28981 | Spider:1 | Killed Mlioglotl
 29788 | Spider:3 | Noticed Asterion
 29805 | Spider:3 | Killed Asterion
 29905 | Spider:3 | Reached XP level 18. HP: 200/200 MP: 17/17
 30170 | Spider:3 | Lost mutation: Your flesh is cold resistant. (rC+) [Jiyva's
                  | grace]
 30170 | Spider:3 | Lost mutation: You are almost entirely resistant to further
                  | mutation and mutation removal. [Jiyva's grace]
 30170 | Spider:3 | Lost mutation: You are somewhat resistant to both further
                  | mutation and mutation removal. [Jiyva's grace]
 30170 | Spider:3 | Lost mutation: You are somewhat resistant to further
                  | mutation. [Jiyva's grace]
 30170 | Spider:3 | Lost mutation: You are robust. (+10% HP) [Jiyva's grace]
 30170 | Spider:3 | Lost mutation: You are covered in slimy tendrils that may
                  | disarm your opponents. [Jiyva's grace]
 30170 | Spider:3 | Gained mutation: Your body has grown eyes which may confuse
                  | attackers. (Acc +3) [Jiyva's grace]
 30170 | Spider:3 | Gained mutation: Your body has grown many eyes which may
                  | confuse attackers. (Acc +5) [Jiyva's grace]
 30170 | Spider:3 | Gained mutation: Your body is covered in eyes which may
                  | confuse attackers. (Acc +7, SInv) [Jiyva's grace]
 30170 | Spider:3 | Gained mutation: You have a small jelly attached to you
                  | that may absorb projectiles. [Jiyva's grace]
 30172 | Spider:3 | Noticed Arachne
 30192 | Spider:3 | Killed Arachne
 30862 | Spider:4 | Entered Level 4 of the Spider Nest
 31207 | Spider:4 | Found a frozen archway.
 31235 | IceCv    | Entered an ice cave
 31305 | IceCv    | Found an ancient bone altar of Kikubaaqudgha.
 31475 | IceCv    | Noticed a lich
 31486 | IceCv    | Killed a lich
 31874 | Spider:3 | Upgraded the game from 0.31-a0-1603-gbec6b6ccbf to
                  | 0.31-a0-1611-g890cdf5628
 31930 | Spider:4 | Reached skill level 10 in Shields
 31946 | Spider:4 | Reached skill level 22 in Fighting
 32199 | Spider:4 | Lost mutation: You possess an exceptional clarity of mind.
                  | [Jiyva's grace]
 32199 | Spider:4 | Lost mutation: Your body is covered in eyes which may
                  | confuse attackers. (Acc +7, SInv) [Jiyva's grace]
 32199 | Spider:4 | Lost mutation: Your body has grown many eyes which may
                  | confuse attackers. (Acc +5) [Jiyva's grace]
 32199 | Spider:4 | Lost mutation: Armour fits poorly on your massive
                  | pseudopods. [Jiyva's grace]
 32199 | Spider:4 | Lost mutation: Your movements are significantly less
                  | encumbered by armour. (ER -6) [Jiyva's grace]
 32199 | Spider:4 | Lost mutation: You have large cloven feet. [Jiyva's grace]
 32199 | Spider:4 | Gained mutation: You have sharp toenails. [Jiyva's grace]
 32199 | Spider:4 | Gained mutation: You have razor-sharp toenails. [Jiyva's
                  | grace]
 32199 | Spider:4 | Gained mutation: You have claws for feet. [Jiyva's grace]
 32199 | Spider:4 | Gained mutation: Your translucent skin slightly reduces
                  | your foes' accuracy. (Stealth+) [Jiyva's grace]
 32295 | Spider:4 | Got a gossamer rune of Zot
 32346 | Spider:4 | Paralysed by a jorogumo for 1 turns
 32717 | Elf:1    | Paralysed by an air elemental for 1 turns
 32718 | Elf:1    | Noticed Frances
 32729 | Elf:1    | Killed Frances
 32796 | Elf:1    | Found Lipp's Book Shoppe.
 32956 | Elf:1    | Found a huge runed translucent gate.
 32956 | Elf:1    | Found a huge runed translucent gate.
 32957 | Elf:1    | Found a huge runed translucent gate.
 32957 | Elf:1    | Found a huge runed translucent gate.
 32957 | Elf:1    | Found a huge runed translucent gate.
 32958 | Elf:1    | Found a huge runed translucent gate.
 32959 | Elf:1    | Found a huge runed translucent gate.
 32959 | Elf:1    | Found a huge runed translucent gate.
 32959 | Elf:1    | Found a huge runed translucent gate.
 32959 | Elf:1    | Found a huge runed translucent gate.
 32959 | Elf:1    | Found a huge runed translucent gate.
 32959 | Elf:1    | Found a huge runed translucent gate.
 32960 | Elf:1    | Found a huge runed translucent gate.
 32960 | Elf:1    | Found a huge runed translucent gate.
 32960 | Elf:1    | Found a huge runed translucent gate.
 32960 | Elf:1    | Found a huge runed translucent gate.
 32960 | Elf:1    | Found a huge runed translucent gate.
 32960 | Elf:1    | Found a huge runed translucent gate.
 32960 | Elf:1    | Found a huge runed translucent gate.
 32961 | Elf:1    | Found a huge runed translucent gate.
 33095 | Elf:1    | Noticed Louise
 33118 | Elf:1    | Killed Louise
 33123 | Elf:1    | Identified a scroll of acquirement
 33123 | Elf:1    | Acquired the amulet "Bobys" {Reflect Dex+3 SH+5 SInv}
 33912 | Elf:2    | Found Hiacoffo's Antique Armour Emporium.
 33959 | Elf:1    | Reached XP level 19. HP: 185/191 MP: 18/18
 34224 | Elf:2    | Found a runed translucent gate.
 34224 | Elf:2    | Found a runed translucent gate.
 34224 | Elf:2    | Found a runed translucent gate.
 34310 | Elf:2    | Found an ancient bone altar of Kikubaaqudgha.
 34326 | Elf:2    | Identified the +3 leather armour of Refuge {Dex+3}
 34715 | Elf:3    | Entered Level 3 of the Elven Halls
 34982 | Elf:3    | Identified the +0 robe of Eraohos {Stlth+}
 34997 | Elf:3    | Identified the +7 dagger "Jiosiwku" {venom, rF+ Int+2
                  | Dex-3}
 35335 | Depths:1 | Found a gateway to Hell.
 35552 | Depths:1 | Lost mutation: Your mind is acute. (Int +4, Str/Dex -1)
                  | [Jiyva's grace]
 35552 | Depths:1 | Lost mutation: Armour fits poorly on your large pseudopods.
                  | [Jiyva's grace]
 35552 | Depths:1 | Lost mutation: Armour fits poorly on your pseudopods.
                  | [Jiyva's grace]
 35552 | Depths:1 | Lost mutation: You have a small jelly attached to you that
                  | may absorb projectiles. [Jiyva's grace]
 35552 | Depths:1 | Gained mutation: Your mind is acute. (Int +4, Str/Dex -1)
                  | [Jiyva's grace]
 35552 | Depths:1 | Gained mutation: Your mind is very acute. (Int +8, Str/Dex
                  | -2) [Jiyva's grace]
 35552 | Depths:1 | Gained mutation: Armour fits poorly on your pseudopods.
                  | [Jiyva's grace]
 35552 | Depths:1 | Gained mutation: Armour fits poorly on your large
                  | pseudopods. [Jiyva's grace]
 35568 | D:15     | Lost mutation: Your body has grown eyes which may confuse
                  | attackers. (Acc +3) [potion of mutation]
 35568 | D:15     | Lost mutation: Your movements are less encumbered by
                  | armour. (ER -4) [potion of mutation]
 35568 | D:15     | Lost mutation: Your translucent skin slightly reduces your
                  | foes' accuracy. (Stealth+) [potion of mutation]
 35568 | D:15     | Gained mutation: You occasionally lose the ability to drink
                  | potions when taking damage. [potion of mutation]
 35568 | D:15     | Lost mutation: You are agile. (Dex +4, Str/Int -1) [potion
                  | of mutation]
 35568 | D:15     | Gained mutation: You expend magic power (3 MP) to
                  | strengthen your wands. [potion of mutation]
 35702 | Depths:1 | Found a one-way gateway to a ziggurat.
 35763 | Depths:1 | Reached skill level 15 in Dodging
 36063 | Depths:1 | Found a stormy altar of Qazlal.
 37053 | Depths:2 | Found a one-way gate leading to the halls of Pandemonium.
 37516 | Depths:2 | Found Tonic's General Store.
 37525 | Depths:2 | Bought a potion of heal wounds for 70 gold pieces
 37525 | Depths:2 | Bought a potion of curing for 42 gold pieces
 37604 | Depths:2 | Found Qyzitwisch's Distillery.
 37622 | Depths:2 | Bought a potion of heal wounds for 90 gold pieces
 37724 | Hell     | Entered the Vestibule of Hell
 37724 | Hell     | Noticed Geryon
 38146 | Depths:3 | Reached XP level 20. HP: 202/202 MP: 19/19
 38202 | Depths:3 | Reached skill level 23 in Fighting
 38290 | Depths:3 | Found a one-way gate to the infinite horrors of the Abyss.
 38423 | Depths:3 | Found a runed translucent door.
 38424 | Depths:3 | Noticed a golden dragon
 38450 | Depths:3 | Lost mutation: Your mind is very acute. (Int +8, Str/Dex
                  | -2) [Jiyva's grace]
 38450 | Depths:3 | Lost mutation: Armour fits poorly on your large pseudopods.
                  | [Jiyva's grace]
 38450 | Depths:3 | Lost mutation: You occasionally lose the ability to drink
                  | potions when taking damage. [Jiyva's grace]
 38450 | Depths:3 | Lost mutation: You expend magic power (3 MP) to strengthen
                  | your wands. [Jiyva's grace]
 38450 | Depths:3 | Gained mutation: You have a pair of large horns on your
                  | head. [Jiyva's grace]
 38450 | Depths:3 | Gained mutation: Your flesh is cold resistant. (rC+)
                  | [Jiyva's grace]
 38450 | Depths:3 | Gained mutation: Your flesh is very cold resistant. (rC++)
                  | [Jiyva's grace]
 38450 | Depths:3 | Gained mutation: Your flesh is almost immune to the effects
                  | of cold. (rC+++) [Jiyva's grace]
 38472 | Depths:3 | Found an ornate altar of the Wu Jian Council.
 38798 | Depths:3 | Identified the +3 buckler "Hepnalah" {-Cast Will+ rCorr
                  | SInv}
 39036 | Depths:3 | Identified the staff "Vutublo" {rN+ rCorr Str+4 Necro}
 39379 | Depths:4 | Entered Level 4 of the Depths
 39560 | Depths:4 | Noticed a caustic shrike
 39560 | Depths:4 | Noticed a caustic shrike
 39561 | Depths:4 | Noticed a caustic shrike
 39561 | Depths:4 | Noticed a caustic shrike
 39578 | Depths:2 | Killed a caustic shrike
 39591 | Depths:2 | Killed a caustic shrike
 39747 | Depths:3 | Killed a golden dragon
 39765 | Depths:3 | Got the Incunable of the Mortuary Inferno
 39766 | Depths:3 | Identified the staff of the Owl {rPois rC+ Alchemy}
 39871 | Depths:4 | Slimified a caustic shrike
 39871 | Depths:4 | a caustic shrike changed into an acid blob
 39872 | Depths:4 | Killed a caustic shrike
 40033 | Depths:4 | Noticed a caustic shrike
 40033 | Depths:4 | Noticed a caustic shrike
 40034 | Depths:4 | Noticed a caustic shrike
 40036 | Depths:4 | Noticed a caustic shrike
 40040 | Depths:4 | Noticed a caustic shrike
 40044 | Depths:4 | Slimified a caustic shrike
 40044 | Depths:4 | a caustic shrike changed into an acid blob
 40055 | Depths:4 | Killed a caustic shrike
 40059 | Depths:4 | Slimified a caustic shrike
 40059 | Depths:4 | a caustic shrike changed into an azure jelly
 40062 | Depths:4 | Slimified a caustic shrike
 40062 | Depths:4 | a caustic shrike changed into an azure jelly
 40082 | Depths:4 | Slimified a caustic shrike
 40082 | Depths:4 | a caustic shrike changed into an azure jelly
 40361 | Depths:4 | Found Woahets's Book Shoppe.
 40361 | Depths:4 | Found Xoupoargh's Jewellery Boutique.
 40362 | Depths:4 | Found Feczaw's Book Shoppe.
 40467 | Depths:4 | Noticed Sojobo
 40489 | Depths:4 | Paralysed by an air elemental for 1 turns
 40492 | Depths:4 | Paralysed by an air elemental for 1 turns
 40518 | Depths:3 | Killed Sojobo
 40846 | Depths:4 | Noticed a golden dragon
 40990 | Depths:4 | Killed a golden dragon
 41021 | Depths:4 | Found a gate to the Realm of Zot.
 41359 | Depths:1 | Found Pite's Book Shoppe.
 41402 | Depths:1 | Found a runed translucent gate.
 41402 | Depths:1 | Found a runed translucent gate.
 41402 | Depths:1 | Found a runed translucent gate.
 41410 | Depths:1 | Noticed Qowilec's ghost (adept VSFi)
 41410 | Depths:1 | Noticed Jigeme's ghost (veteran DEHs)
 41410 | Depths:1 | Noticed Ciogh's ghost (veteran GnWn)
 41606 | Elf:1    | Acquired 1135 gold pieces
 41949 | Elf:2    | Reached XP level 21. HP: 213/213 MP: 20/20
 42050 | Elf:2    | HP: 6/213 [deep elf zephyrmancer/bolt of lightning (16)]
 42277 | Vaults:1 | Killed Zenata
 42530 | Vaults:1 | Found a glowing golden altar of the Shining One.
 42530 | Vaults:1 | Found a glowing silver altar of Zin.
 42532 | Vaults:1 | Found a white marble altar of Elyvilon.
 42705 | Vaults:1 | Acquired 448 gold pieces
 42924 | Vaults:1 | Reached skill level 24 in Fighting
 42939 | Vaults:1 | Noticed Saint Roka
 42964 | Vaults:1 | Killed Saint Roka
 43075 | Vaults:1 | Lost mutation: You have a pair of large horns on your head.
                  | [Jiyva's grace]
 43075 | Vaults:1 | Lost mutation: You have claws for feet. [Jiyva's grace]
 43075 | Vaults:1 | Lost mutation: Your flesh is almost immune to the effects
                  | of cold. (rC+++) [Jiyva's grace]
 43075 | Vaults:1 | Gained mutation: Your translucent skin slightly reduces
                  | your foes' accuracy. (Stealth+) [Jiyva's grace]
 43075 | Vaults:1 | Gained mutation: Your translucent skin reduces your foes'
                  | accuracy. (Stealth+) [Jiyva's grace]
 43075 | Vaults:1 | Gained mutation: Your transparent skin significantly
                  | reduces your foes' accuracy. (Stealth+) [Jiyva's grace]
 43075 | Vaults:1 | Gained mutation: You have a small jelly attached to you
                  | that may absorb projectiles. [Jiyva's grace]
 43298 | Vaults:1 | Identified the +0 pair of boots "Wakhleyc" {Int+2 Dex+4}
 43969 | Vaults:2 | Paralysed by a sphinx for 5 turns
 44219 | Vaults:2 | Found Eleoklof's Book Boutique.
 44318 | Vaults:3 | Lost mutation: Your transparent skin significantly reduces
                  | your foes' accuracy. (Stealth+) [Jiyva's grace]
 44318 | Vaults:3 | Gained mutation: Your spells are a little harder to cast,
                  | but a little more powerful. [Jiyva's grace]
 44318 | Vaults:3 | Gained mutation: Your spells are harder to cast, but more
                  | powerful. [Jiyva's grace]
 44318 | Vaults:3 | Gained mutation: Your spells are much harder to cast, but
                  | much more powerful. [Jiyva's grace]
 44318 | Vaults:3 | Gained mutation: You are agile. (Dex +4, Str/Int -1)
                  | [Jiyva's grace]
 44343 | Vaults:3 | Noticed Mara
 44355 | Vaults:3 | Noticed dialectric's illusion
 44364 | Vaults:3 | Killed Mara
 44480 | Vaults:3 | Found Niestr Astra's Armour Emporium.
 44492 | Vaults:3 | Found Kevoqauph's General Store.
 44824 | Vaults:3 | Found Wifrovut's Jewellery Boutique.
 45184 | Vaults:3 | Found a portal to a secret trove of treasure.
 45484 | Vaults:4 | Found Riump's Book Boutique.
 45543 | Vaults:4 | Lost mutation: Your flesh is very cold resistant. (rC++)
                  | [Jiyva's grace]
 45543 | Vaults:4 | Lost mutation: Armour fits poorly on your pseudopods.
                  | [Jiyva's grace]
 45543 | Vaults:4 | Lost mutation: Your movements are slightly less encumbered
                  | by armour. (ER -2) [Jiyva's grace]
 45543 | Vaults:4 | Gained mutation: You are covered in slimy tendrils that may
                  | disarm your opponents. [Jiyva's grace]
 45543 | Vaults:4 | Gained mutation: Your melee attacks may engulf your foes in
                  | ooze. [Jiyva's grace]
 45543 | Vaults:4 | Gained mutation: You have a small jelly attached to you
                  | that senses nearby items. [Jiyva's grace]
 45543 | Vaults:4 | Gained mutation: Your rubbery body absorbs attacks. (AC +1,
                  | EV +1) [Jiyva's grace]
 45646 | Vaults:4 | Identified the orb of Viul Fay {light, Str+4}
 45646 | Vaults:4 | Noticed Frederick
 45686 | Vaults:4 | Killed Frederick
 45776 | Vaults:4 | Found Vanajyit's Weapon Shoppe.
 46168 | Vaults:4 | Found Ulykkakk's Weapon Emporium.
 46481 | Vaults:5 | Entered Level 5 of the Vaults
 46491 | Vaults:4 | Was placed under penance by Jiyva
 46492 | Vaults:4 | Reached XP level 22. HP: 131/224 MP: 21/21
 46700 | Vaults:5 | Gained mutation: You occasionally lose the ability to read
                  | scrolls when taking damage. [the all-consuming vengeance of
                  | Jiyva]
 46974 | Vaults:2 | Found an ancient bone altar of Kikubaaqudgha.
 47007 | Vaults:2 | Found a staircase to the Crypt.
 47007 | Vaults:2 | Found a basalt altar of Yredelemnul.
 47154 | Vaults:2 | Was forgiven by Jiyva
 47183 | Vaults:2 | Noticed Yhagabbo's ghost (adept DrCj)
 47215 | Vaults:2 | Gained mutation: Your body sometimes deteriorates upon
                  | taking damage. [a cacodemon]
 47325 | Vaults:2 | Killed Yhagabbo's ghost
 47452 | Vaults:2 | Found a transporter.
 47464 | Vaults:2 | Found a transporter.
 48352 | Vaults:5 | Identified the +4 hand axe of the People {venom, rN+}
 48465 | Vaults:5 | Identified the +2 chain mail of the Pits of Slime {Str+4}
 48557 | Vaults:5 | Noticed an ancient lich
 48566 | Vaults:5 | Killed an ancient lich
 48567 | Vaults:5 | Reached skill level 25 in Fighting
 48690 | Vaults:5 | Lost mutation: Your rubbery body absorbs attacks. (AC +1,
                  | EV +1) [Jiyva's grace]
 48690 | Vaults:5 | Lost mutation: You are covered in slimy tendrils that may
                  | disarm your opponents. [Jiyva's grace]
 48690 | Vaults:5 | Lost mutation: You have a small jelly attached to you that
                  | senses nearby items. [Jiyva's grace]
 48690 | Vaults:5 | Lost mutation: You have a small jelly attached to you that
                  | may absorb projectiles. [Jiyva's grace]
 48690 | Vaults:5 | Gained mutation: You are somewhat resistant to further
                  | mutation. [Jiyva's grace]
 48690 | Vaults:5 | Gained mutation: You are somewhat resistant to both further
                  | mutation and mutation removal. [Jiyva's grace]
 48690 | Vaults:5 | Gained mutation: You are almost entirely resistant to
                  | further mutation and mutation removal. [Jiyva's grace]
 48690 | Vaults:5 | Gained mutation: You have a pair of large horns on your
                  | head. [Jiyva's grace]
 48690 | Vaults:5 | Identified the +4 war axe of Cacly {heavy, *Rage rElec
                  | rPois Int+4}
 48690 | Vaults:5 | Identified the +4 scimitar "Killer Bee's Regret" {elec, rF+
                  | rCorr Dex-4}
 48690 | Vaults:5 | Identified the +11 orcbow of Indignation {drain, rElec}
 48695 | Vaults:5 | Noticed a golden dragon
 48701 | Vaults:5 | Slimified a golden dragon
 48701 | Vaults:5 | a golden dragon changed into an azure jelly
 48822 | Vaults:5 | Mangled by an ettin

Illustrated notes

Levels and vault maps discovered:
D:1:      dpeg_arrival_arbitrary_b, layout_basic,
          ebering_ecumenical_altar_abandoned, serial_bayou_lake_a
D:2:      layout_rooms, serial_shops, shop, uniq_jessica
D:3:      layout_loops_cross, serial_rivers, chequers_serial_rivers_micro_d,
          chequers_serial_rivers_large_a, chequers_serial_rivers_room_a,
          chequers_serial_rivers_micro_e, chequers_serial_rivers_micro_b,
          chequers_serial_rivers_marsh, serial_shops, shop,
          wander_ebering_terrifying_dragon_lair, uniq_terence, uniq_robin,
          uniq_crazy_yiuf_cottage
D:4:      layout_basic, cheibrodos_worm_habitat
D:5:      layout_cave_pools, nicolae_specific_store, kennysheep_pointless_box,
          amcnicky_mini_rare_corridor_liquid, hex_large, kennysheep_dice,
          uniq_edmund
D:6:      gammafunk_cloud_chamber, layout_basic,
          minmay_temple_entry_proselytizer
D:7:      layout_basic, mainiacjoe_overflow_catwalk_spiral,
          kennysheep_another_room, uniq_prince_ribbit1, uniq_menkaure
D:8:      layout_loops_cross
D:9:      kennysheep_spiral_hall, layout_basic, dpeg_lair_monsters,
          minmay_fractal_squares_5
D:10:     layout_big_octagon, grunt_temple_overflow_open, orc_david_3,
          uniq_harold, uniq_joseph
D:11:     layout_basic, serial_demonic, serial_demonic_c, serial_demonic_e,
          serial_demonic_c, serial_demonic_e, minmay_sticks_and_stones,
          uniq_psyche
D:12:     layout_cave_pools, nrook_loot_triangle, chequers_serial_rivers_micro_b
D:13:     layout_irregular_city, david_vaults_5, nicolae_straight_to_the_point
D:14:     layout_loops_cross, roderic_lattice_octagonal_star,
          palyth_stone_intersect, lightli_wizard_tower, uniq_agnes
D:15:     hangedman_depths_entry_civil_slaughter, layout_stronghold,
          hangedman_decor_diamond_cutter, nicolae_elyvilon_peaceful_grove
Lair:1:   layout_cave_pods, infiniplex_staircase_pool_2, grunt_megastairs_5,
          serial_bayou_shore_b
Lair:2:   layout_chaotic_city, nicolae_spider_entry_orb_guardian,
          hibernation_bobbens
Lair:3:   layout_hall_layers, mainiacjoe_swamp_entry_angry_trees,
          beast_lair_carwin_2, uniq_josephine
Lair:4:   layout_misc_corridors, grunt_megastairs_1, serial_bayou_shore_b
Lair:5:   due_jungle_book, layout_regular_city, minmay_slime_entry_pillars,
          enter_volcano_2, grunt_megastairs_3, serial_bayou_shore_b
Swamp:1:  layout_basic_swamp, nicolae_swamp_stuck_in_the_mud, uniq_roxanne
Swamp:2:  layout_basic_swamp, evilmike_swamp_ruin_house_1, swamp_pool_5,
          hangedman_swamp_blocks, nicolae_swamp_decorative_isthmus
Swamp:3:  layout_basic_swamp, evilmike_swamp_ruin_house_4
Swamp:4:  swamp_pestilence, layout_basic_swamp, swamp_pool_3
Spider:1: layout_cave_pods, gammafunk_ghost_arena, uniq_nikola, uniq_mlioglotl
Spider:2: layout_spider_delve, drop_trap
Spider:3: layout_chambers, uniq_arachne, uniq_asterion
Spider:4: hellmonk_spider_rune_endless_swarm, portal_ice_cave_entry_dragon
Slime:1:  layout_caves
Slime:2:  layout_caves
Slime:3:  layout_caves, nicolae_slime_welcoming_committee
Slime:4:  layout_caves, basic_altar
Slime:5:  slime_pit_nicolae_trefoil
Orc:1:    layout_caves, gammafunk_ghost_berserking_beasts,
          regret_index_xom_of_box, uniq_sonja
Orc:2:    st_orc_rangers, layout_diamond_mine, basic_altar, serial_shops,
          nicolae_shop_behind_doors, nicolae_orc_found_a_spring, uniq_urug,
          uniq_nessos
Elf:1:    minmay_elf_arrival_plus, layout_onion_city,
          infiniplex_enter_wizlab_spiral, serial_shops,
          nicolae_shop_real_fake_doors, hangedman_elf_represent, uniq_frances,
          uniq_louise
Elf:2:    nicolae_elf_blades_splatter_lattice
          [nicolae_blade_entry_hurt_lockers], layout_loops_ring, serial_shops,
          shop, special_room [special_room_orc], basic_altar,
          nicolae_elf_glass_and_crystal_pillar_2
Elf:3:    grunt_elf_hall_diamonds, layout_loops_corners, serial_shops, shop,
          guppyfry_library_mini
Vaults:1: portal_desolation_entry_holy_temple, vaults_mumra_hexcomb,
          nicolae_vaults_trapezoid_2, st_check, hangedman_vaults_snaps,
          v_alt_pattern_5, nicolae_vaults_little_squares_4,
          hangedman_vaults_cutoff, nicolae_vaults_sealed_display,
          nicolae_vaults_diamond_2, nicolae_vaults_offset_grid_hallway_1,
          nicolae_vaults_wine_cellar, layout_vaults_omnicross, uniq_saint_roka,
          uniq_zenata
Vaults:2: gammafunk_ghost_abyssal_escape, nicolae_vaults_good_morning_starshine,
          v_misc_18, minmay_crypt_entry_necro_gods,
          nicolae_vaults_three_branches, v_misc_10, vaults_room_pools,
          vaults_room_grunt_arrival_checkpoint, ontoclasm_vaults_loading_screen,
          layout_vaults_chaotic_city, serial_shops,
          nicolae_shop_pleasant_corner_grove
Vaults:3: nicolae_whirlpool, nicolae_vaults_little_squares_3,
          vaults_room_door_ring, nicolae_vaults_diamond_2,
          nicolae_vaults_double_plus_2, vaults_dpeg_emergency_exit,
          layout_vaults_omnigrid, serial_shops, shop,
          nicolae_shop_advertising_works [nicolae_subvault_shop_adworks], shop,
          nicolae_trove_entry_crystal, uniq_mara
Vaults:4: nicolae_vaults_sesquioval_fish, vaults_standard_mumra_lines,
          nicolae_vaults_frosty_reception, grunt_vaults_bifocal,
          grunt_vaults_focal, grunt_vaults_hallway_short,
          nicolae_vaults_storage_room_statues, nicolae_vaults_network_square,
          nicolae_vaults_shelves_hall, vaults_mumra_hex,
          nicolae_vaults_surprise_closet, nicolae_vaults_oval_intersection,
          sword_in_stone, nicolae_vaults_apartment_2, layout_vaults_ring,
          serial_shops, nicolae_shop_bloodbath_and_beyond, shop, shop
Vaults:5: serial_shops
Depths:1: layout_basic, enter_ziggurat_f, serial_shops, nicolae_shop_peninsula,
          gammafunk_ghost_cemetery, minmay_curled_crystal, hellmouth_3,
          nicolae_qazlal_scattered_showers
Depths:2: grunt_bruiser_brothers, layout_cave_pools, serial_shops,
          nicolae_shop_waterfront, nicolae_lakefront_shop,
          nicolae_concentric_dashed_squares_wild, rand_demon_pan_entry_9,
          pf_hell_entry_tar_spiral
Depths:3: minmay_cut_squares, layout_gridlike, abyss_entry_crystal,
          pdpol_wu_jian_five_deadly_venoms, hell_entry,
          kennysheep_treasure_room, minmay_staircase_statues_hall_small
Depths:4: grunt_zot_entry_alcove, layout_basic, hell_entry,
          serial_sigils_hangedman_etch, minmay_shop_grove, uniq_sojobo
Hell

Skill      XL: |  1  2  3  4  5  6  7  8  9 10 11 12 13 14 15 16 17 18 19 20 21 22 |
---------------+-------------------------------------------------------------------+-----
Fighting       | 4 5 6 7 9 11 13 14 16 18 19 20 21 22 23 24 25 | 25.1
Armour         | 4 5 6 8 9 11 13 14 16 17 18 19 20 21 22 23 | 23.2
Shields        | 4 5 8 10 12 14 | 14.0
Maces & Flails | 3 4 6 7 8 12 14 16 18 20 22 23 | 23.5
Dodging        | 1 2 3 4 6 7 8 9 10 12 14 15 16 17 18 | 18.4
Staves         | 3 7 10 12 14 15 | 15.4

Action                     |  1- 3 |  4- 6 |  7- 9 | 10-12 | 13-15 | 16-18 | 19-21 | 22-24 || total
---------------------------+-------+-------+-------+-------+-------+-------+-------+-------++-------
  Melee: Flail             |    31 |       |       |       |       |       |       |       ||    31
         Headbutt          |     4 |    13 |    47 |   139 |   325 |   487 |   521 |   175 ||  1711
         Quarterstaff      |    21 |   118 |   242 |   580 |   632 |       |       |       ||  1593
         Demon whip        |       |       |       |       |   610 |  1497 |  1160 |    73 ||  3340
         Punch             |       |       |       |       |     5 |     4 |       |       ||     9
         Pseudopods        |       |       |       |       |    36 |   421 |   452 |       ||   909
         Kick              |       |       |       |       |       |    50 |   621 |       ||   671
         Sacred scourge    |       |       |       |       |       |       |   535 |   391 ||   926
  Throw: Dart              |       |       |       |       |     1 |     1 |     2 |       ||     4
 Invoke: Slimify           |       |       |       |       |       |       |     9 |     4 ||    13
  Evoke: Wand              |       |       |     1 |    12 |     3 |     1 |     6 |       ||    23
         Phial of floods   |       |       |       |       |     1 |     1 |     2 |       ||     4
    Use: Potion            |     1 |     1 |       |     2 |       |     7 |     9 |     3 ||    23
         Scroll            |       |     6 |     4 |    11 |     7 |     8 |     7 |     4 ||    47
   Stab: Invisible         |       |       |       |     1 |       |       |     4 |       ||     5
         Confused          |       |       |       |       |     7 |    34 |     1 |       ||    42
         Sleeping          |       |       |       |       |       |     2 |       |       ||     2
         Distracted        |       |       |       |       |       |     1 |       |     2 ||     3
 Armour: Scale mail        |    38 |     6 |       |       |       |       |       |       ||    44
         Leather armour    |       |    24 |       |       |       |       |       |       ||    24
         Ring mail         |       |    61 |   236 |   442 |       |       |       |       ||   739
         Quicksilver drago |       |       |       |    35 |   929 |   919 |   147 |       ||  2030
         Ice dragon scales |       |       |       |       |       |   220 |       |       ||   220
         Gold dragon scale |       |       |       |       |       |       |   946 |   333 ||  1279
  Dodge: Dodged            |    25 |    71 |   208 |   402 |   742 |  1096 |   686 |   240 ||  3470
  Block: Buckler           |     1 |       |       |       |       |   482 |   879 |   288 ||  1650
         Reflection        |       |       |       |       |       |     7 |    37 |    38 ||    82

Table legend: (Time is in decaauts)
 A = Elapsed time spent in this place.
 B = Non-inter-level travel time spent in this place.
 C = Inter-level travel time spent in this place.
 D = Time resting spent in this place.
 E = Time spent auto-exploring this place.
 F = Levels seen in this place.
 G = Mean time per level.
                   A        B        C        D        E       F      G
               +--------+--------+--------+--------+--------+-----+--------+
         Total |  46967 |  43257 |   3710 |   3321 |  26247 |  49 |  958.5 |
       Dungeon |  13584 |  12355 |   1229 |   1146 |   7966 |  15 |  905.6 |
          Lair |   9331 |   8304 |   1027 |   1116 |   5322 |   5 | 1866.2 |
         Swamp |   3171 |   3001 |    170 |     73 |   1692 |   4 |  792.8 |
   Spider Nest |   3508 |   3286 |    222 |     11 |   1916 |   4 |  877.0 |
    Slime Pits |    219 |    148 |     71 |      0 |      0 |   5 |   43.8 |
  Orcish Mines |   1623 |   1471 |    152 |      6 |    888 |   2 |  811.5 |
   Elven Halls |   2920 |   2719 |    201 |    133 |   1771 |   3 |  973.3 |
        Vaults |   6486 |   6107 |    379 |    242 |   3727 |   5 | 1297.2 |
        Depths |   5621 |   5366 |    255 |    594 |   2837 |   4 | 1405.2 |
          Hell |     28 |     28 |      0 |      0 |      0 |   1 |   28.0 |
      Ice Cave |    473 |    473 |      0 |      0 |    126 |   1 |  473.0 |
               +--------+--------+--------+--------+--------+-----+--------+

Top non-repeatable levels by time:
  Lair:5: 2544 daAuts
  Lair:1: 2165 daAuts
  Lair:2: 1951 daAuts
Depths:3: 1825 daAuts
Vaults:4: 1768 daAuts
  Lair:3: 1652 daAuts
   Elf:1: 1646 daAuts
Vaults:1: 1571 daAuts
     D:9: 1542 daAuts
    D:10: 1510 daAuts
Depths:2: 1492 daAuts
Vaults:2: 1429 daAuts
Depths:1: 1422 daAuts
     D:7: 1149 daAuts
Spider:3: 1145 daAuts
